 Dungeon Crawl Stone Soup version 0.30-b1-5-g8e6c1be481 (webtiles) character file.

Game seed: 13861663011458143564

4616 Jase the Fighter (level 10, -4/78 HPs)
             Began as a Djinni Fire Elementalist on May 3, 2023.
             Was a Follower of Makhleb.
             Slain by Joseph
             ... wielding a +0 quarterstaff
              (11 damage)
             ... on level 7 of the Dungeon.
             The game lasted 00:32:01 (6714 turns).

Jase the Fighter (Djinni Fire Elementalist)         Turns: 6714, Time: 00:32:02

Health: -4/78      AC:  9    Str:  7    XL:     10   Next: 69%
Gold:   211        EV: 15    Int: 21    God:    Makhleb [*.....] SH:  0 Dex: 14

rFire   + + .        a - +1 dagger (freeze)
rCold   x . .        (no shield)
rNeg    + . .        C - +0 steam dragon scales
rPois   ∞            (no helmet)
rElec   .            (no cloak)
rCorr   .            (no gloves)
SInv    .            (boots unavailable)
Will    +....        (no amulet)
Stlth   ++           y - +4 ring of protection
HPRegen 0.33/turn    u - ring of positive energy
MPRegen 0.00/turn

%: infuse magic (-5 HP)
@: mighty, flying, invisible
A: sickness immunity, fire resistance 2, cold vulnerability 1, float, innate
caster, HP casting, extra vitality 1
a: Renounce Religion


You were on level 7 of the Dungeon.
You worshipped Makhleb.
Makhleb was aware of your devotion.
You visited 1 branch of the dungeon, and saw 7 of its levels.
You also visited: Sewer.

You collected 371 gold pieces.
You spent 160 gold pieces at shops.

Inventory:

Hand Weapons
 a - a +1 dagger of freezing (weapon)
 k - a +0 dagger of chaos
 B - a +2 broad axe of venom
 D - a +0 dagger of holy wrath
Missiles
 m - 32 poisoned darts
 r - a curare-tipped dart
 w - 29 stones
Armour
 C - +0 steam dragon scales (worn)
Jewellery
 u - a ring of positive energy (right hand)
 y - a +4 ring of protection (left hand)
 E - a ring of resist corrosion
Wands
 d - a wand of light (9)
 v - a wand of flame (3)
 x - a wand of polymorph (5)
Scrolls
 b - 3 scrolls of enchant weapon
 c - 4 scrolls of immolation
 g - a scroll of fog {unknown}
 h - a scroll of poison {unknown}
 l - a scroll of acquirement {unknown}
 n - 2 scrolls of teleportation {unknown}
 o - 2 scrolls of blinking {unknown}
 p - 3 scrolls of enchant armour {unknown}
 q - 2 scrolls of vulnerability {unknown}
 s - 2 scrolls of silence
Potions
 e - 2 potions of mutation
 i - 4 potions of curing
 j - a potion of haste
 z - 2 potions of cancellation {unknown}
 A - a potion of resistance {unknown}


   Skills:
 + Level 9.4 Fighting
 + Level 7.3 Dodging
 - Level 1.7 Stealth
 + Level 7.9 Spellcasting


You knew the following spells:

 Your Spells              Type           Power      Damage    Failure   Level
a - Foxfire               Conj/Fire      100%       2x1d9     1%          1
b - Scorch                Fire           82%        2d8       1%          2
c - Volatile Blastmotes   Fire/Tloc      82%        2d16      1%          3
d - Inner Flame           Hex/Fire       41%        N/A       1%          3
e - Flame Wave            Conj/Fire      41%        2d11      3%          4
f - Summon Small Mammal   Summ           100%       N/A       1%          1
g - Momentum Strike       Conj/Tloc      82%        3d10      1%          2
h - Portal Projectile     Hex/Tloc       82%        N/A       1%          3
i - Confusing Touch       Hex            41%        N/A       1%          3
Your spell library was empty.

Dungeon Overview and Level Annotations

Branches:
Dungeon (7/15)             Temple (0/1) D:6           Sewer (visited)

Altars:
Cheibriados
Dithmenos
Elyvilon
Fedhas
Makhleb
Okawaru
Xom
The Shining One

Shops:
D:3 [   D:5 *?(*(

Annotations:
D:3 2 transporters, feetsoup's ghost, amateur OgFi
D:4 16 exclusions
D:5 3 runed translucent doors, Kranky's ghost, novice GnWn
D:7 Joseph


Innate Abilities, Weirdness & Mutations

You are immune to sickness and miasma.
You are immune to poison.
Your flesh is very heat resistant. (rF++)
You are vulnerable to cold. (rC-)
You float through the air rather than walking.
You learn spells naturally, not from books.
Your magical power is your life essence.
You have superior vitality. (+4 MHP)


Message History

Joseph tries to grin evilly.
Joseph hits you with a +0 quarterstaff.
* * * LOW HITPOINT WARNING * * *
Unknown command.
You fade into invisibility!
Joseph hits you with a +0 quarterstaff.
* * * LOW HITPOINT WARNING * * *
You hit Joseph. You freeze Joseph.
Joseph is severely wounded.
A gnoll comes into view. It is wielding a +0 flail.
Joseph closely misses you.
You strike the helpless Joseph from behind!
You puncture Joseph! You freeze Joseph.
Joseph is severely wounded.
Joseph closely misses you.
You hit Joseph but do no damage.
Joseph is severely wounded.
Joseph hits you with a +0 quarterstaff!
* * * LOW HITPOINT WARNING * * *
You hit Joseph. You freeze Joseph.
Joseph is almost dead.
Joseph hits you but does no damage.
Unknown command.
Casting: Scorch (safe; 1% risk of failure)
Confirm with . or Enter, or press ? or * to list all spells.
Flames lash the gnoll.
The gnoll is almost dead.
The gnoll's fire resistance burns away.
* * * LOW HITPOINT WARNING * * *
You hear a shout! x2
A gnoll comes into view. It is wielding a +0 club.
Joseph barely misses you.
Casting: Scorch (safe; 1% risk of failure)
Confirm with . or Enter, or press ? or * to list all spells.
Flames lash Joseph.
Joseph resists.
Joseph is almost dead.
Joseph's fire resistance burns away.
* * * LOW HITPOINT WARNING * * *
Joseph hits you with a +0 quarterstaff!
You die...

.. )..... ...
## )....# ....
.##.. .....#
....
.....###.....#
#.
....#/....!##
## g.........#
.. #..@....##
.... #@......#
..##
##........
....
##.......[#
#..
#.........#
##.
#.........#
#..
#......)..#
##.
##......... ..
##.##...... #.
#..###..... ..


You could see Joseph (unable to see you, combustible) and a gnoll (wandering,
unable to see you).

Vanquished Creatures
  A two-headed ogre (D:6)
  Pikel (D:7)
  Maggie (D:6)
  Grinder (D:6)
  Sigmund (D:2)
  Edmund (D:5)
  A water moccasin (D:7)
  2 ice beasts (D:6)
  A sky beast (D:7)
  A black bear (D:4)
  2 ogres
  2 lemures (D:7)
  7 centaurs (D:6)
  2 phantoms
  4 kobold brigands
  2 bullfrogs (D:7)
  3 scorpions
  4 crimson imps (D:3)
  2 jellies (D:6)
  A hound (D:5)
  4 orc priests
  A sleepcap (D:7)
  6 iguanas
  An orc wizard (D:7)
  17 adders
  4 river rats
  A white imp (D:6)
  An ufetubus (D:6)
  3 worms
  26 orcs
  5 endoplasms
  3 giant cockroaches (D:4)
  8 goblins
  9 hobgoblins
  11 jackals
  22 kobolds
  4 quokkas
  13 ball pythons
  3 bats
  4 frilled lizards
  11 rats
197 creatures vanquished.

Vanquished Creatures (collateral kills)
  26 foxfires
26 creatures vanquished.

Vanquished Creatures (others)
  A butterfly (D:3)
  801 foxfires
  11 plants (Sewer)
813 creatures vanquished.

Grand Total: 1036 creatures vanquished

Notes
Turn   | Place    | Note
-------+----------+-------------------------------------------
     0 | D:1      | Jase the Djinni Fire Elementalist began the quest for the
                  | Orb.
     0 | D:1      | Jase set off with the following spells memorised: Foxfire,
                  | Scorch, Volatile Blastmotes, Inner Flame, Flame Wave.
     0 | D:1      | Reached XP level 1. HP: 15/15 MP: 0/0
   112 | D:1      | Reached XP level 2. HP: 14/21 MP: 0/0
   309 | D:1      | You are sucked into a shaft and drop 1 floor!
   438 | D:2      | Reached XP level 3. HP: 20/25 MP: 0/0
   438 | D:2      | Learned a level 1 spell: Summon Small Mammal
   526 | D:2      | Noticed Sigmund
   532 | D:2      | Killed Sigmund
   533 | D:2      | Reached skill level 3 in Fighting
   533 | D:2      | Reached XP level 4. HP: 29/35 MP: 0/0
   533 | D:2      | Reached XP level 5. HP: 33/40 MP: 0/0
   533 | D:2      | Learned a level 2 spell: Momentum Strike
   659 | D:2      | Reached XP level 6. HP: 43/46 MP: 0/0
  1271 | D:3      | Found a white marble altar of Elyvilon.
  1373 | D:3      | Found Ylit's Armour Emporium.
  1432 | D:3      | Found a shimmering altar of Xom.
  1467 | D:3      | Reached skill level 4 in Fighting
  1467 | D:3      | Reached XP level 7. HP: 41/52 MP: 0/0
  1467 | D:3      | Learned a level 3 spell: Portal Projectile
  1875 | D:3      | Found a transporter.
  1932 | D:3      | Noticed feetsoup's ghost (amateur OgFi)
  1937 | D:3      | Found a transporter.
  2423 | D:4      | Found a blossoming altar of Fedhas.
  2424 | D:4      | Found an iron altar of Okawaru.
  2604 | D:4      | Found a glowing drain.
  2612 | Sewer    | Entered a sewer
  2824 | Sewer    | Reached skill level 5 in Fighting
  2824 | Sewer    | Reached skill level 5 in Spellcasting
  3006 | Sewer    | Reached XP level 8. HP: 55/59 MP: 0/0
  3798 | D:5      | Entered Level 5 of the Dungeon
  3798 | D:5      | Found Umyihose's General Store.
  3799 | D:5      | Found Qalicil's Magic Scroll Boutique.
  3807 | D:5      | Reached skill level 6 in Fighting
  3861 | D:5      | Bought 3 scrolls of identify for 72 gold pieces
  3861 | D:5      | Bought a scroll of identify for 24 gold pieces
  4050 | D:5      | Found a burning altar of Makhleb.
  4227 | D:5      | Found Lemaqyit's Weapon Emporium.
  4230 | D:5      | Found Vaerghoy's General Store.
  4244 | D:5      | Bought a scroll of identify for 22 gold pieces
  4293 | D:5      | Found Zoukluad's Antique Weapon Shop.
  4472 | D:5      | Noticed Kranky's ghost (novice GnWn)
  4497 | D:5      | Found a runed translucent gate.
  4497 | D:5      | Found a runed translucent gate.
  4497 | D:5      | Found a runed translucent gate.
  4595 | D:5      | Became a worshipper of Makhleb the Destroyer
  4613 | D:6      | Noticed Edmund
  4711 | D:5      | Killed Edmund
  4712 | D:5      | Reached skill level 7 in Fighting
  4712 | D:5      | Reached XP level 9. HP: 26/68 MP: 0/0
  4712 | D:5      | Learned a level 3 spell: Confusing Touch
  4864 | D:6      | Noticed a two-headed ogre
  4979 | D:5      | Bought a potion of flight for 42 gold pieces
  5048 | D:6      | Noticed Grinder
  5058 | D:6      | Killed Grinder
  5162 | D:6      | Found a snail-covered altar of Cheibriados.
  5346 | D:6      | Noticed Maggie
  5347 | D:6      | Found a glowing golden altar of the Shining One.
  5381 | D:6      | Killed Maggie
  5382 | D:6      | Reached skill level 8 in Fighting
  5382 | D:6      | Reached skill level 5 in Dodging
  5559 | D:6      | Found a shadowy altar of Dithmenos.
  5652 | D:6      | Reached XP level 10. HP: 35/76 MP: 0/0
  5915 | D:6      | Found a staircase to the Ecumenical Temple.
  6034 | D:6      | Killed a two-headed ogre
  6035 | D:6      | Reached skill level 9 in Fighting
  6167 | D:7      | Reached * piety under Makhleb
  6544 | D:7      | Noticed Pikel
  6556 | D:7      | Killed Pikel
  6692 | D:7      | Noticed Joseph
  6714 | D:7      | Slain by Joseph

Illustrated notes

Levels and vault maps discovered:
D:1:      dpeg_arrival_water_fire, layout_basic
D:2:      layout_loops_ring, uniq_sigmund
D:3:      layout_basic, nicolae_elyvilon_peaceful_grove, led_xom_imps,
          gammafunk_ghost_mausoleum, serial_shops, shop
D:4:      layout_loops_ring, mainiacjoe_overflow_divided_tiny,
          portal_sewer_entry_e
D:5:      layout_rooms, mainiacjoe_overflow_small_starburst, serial_shops,
          nicolae_shop_overgrown_old_shop, nicolae_square_shop, shop, shop,
          shop_fountains, gammafunk_ghost_icy
D:6:      layout_rooms, nicolae_dithmenos_through_a_glass_darkly,
          cheibriados_altar_1, amcnicky_altar_gilded, minmay_temple_entry_fiery,
          minmay_statues_item, centaur_isle, uniq_edmund, uniq_maggie,
          uniq_grinder
D:7:      layout_cave_pools, uniq_joseph, uniq_pikel

Skill      XL: |  1  2  3  4  5  6  7  8  9 10 |
---------------+-------------------------------+-----
Spellcasting   | 3 4 5 6 7 |  7.9
Fighting       | 3 4 5 7 8 9 |  9.4
Dodging        | 5 7 |  7.3
Stealth        | |  1.7

Action                     |  1- 3 |  4- 6 |  7- 9 | 10-12 || total
---------------------------+-------+-------+-------+-------++-------
  Melee: Unarmed           |     1 |     2 |       |       ||     3
         Dagger            |       |    20 |    41 |     5 ||    66
         Punch             |       |     1 |       |       ||     1
   Cast: Foxfire           |    53 |    70 |   272 |    86 ||   481
         Momentum Strike   |       |     4 |     1 |       ||     5
         Scorch            |       |       |    15 |     5 ||    20
         Volatile Blastmot |       |       |     3 |     4 ||     7
         Flame Wave        |       |       |     3 |     2 ||     5
         Inner Flame       |       |       |     1 |     1 ||     2
    Use: Scroll            |       |       |    12 |       ||    12
         Potion            |       |       |     3 |     2 ||     5
   Stab: Sleeping          |       |     1 |       |       ||     1
         Invisible         |       |       |       |     1 ||     1
 Armour: Robe              |       |     5 |     2 |       ||     7
         Steam dragon scal |       |       |       |     5 ||     5
  Dodge: Dodged            |     2 |    25 |    42 |     7 ||    76
